 Dungeon Crawl Stone Soup version 0.17-a0-1920-gafa4d75 (webtiles) character file.

42 Kuldar the Skirmisher (level 3, -1/33 HPs)
             Began as a Demonspawn Wanderer on Sept 27, 2015.
             Slain by an orc (2 damage)
             ... on level 3 of the Dungeon.
             The game lasted 00:07:14 (1048 turns).

Kuldar the Skirmisher (Demonspawn Wanderer)         Turns: 1048, Time: 00:07:14

Health: -1/33      AC:  5    Str: 15    XL:     3   Next: 35%
Magic:  6/6        EV:  9    Int: 13    God:
Gold:   154        SH:  3    Dex: 12    Spells: 0 memorised, 6 levels left

rFire  + . .     SeeInvis +     a - +2 spear
rCold  . . .     Clarity  .     b - +0 ring mail
rNeg   . . .     SustAt   .     h - +0 buckler
rPois  .         Gourm    .     (no helmet)
rElec  .         Spirit   .     (no cloak)
rCorr  .         Warding  .     (no gloves)
rMut   .         Stasis   .     (no boots)
MR     .....                    g - amulet of rage
Stlth  +.........               (no ring)
                                f - ring of see invisible

@: lethally poisoned (-1 -> -4), exhausted, slowed, very slow, not resistant to
hostile enchantments, very unstealthy
A: hooves 2, clever 1, demonic guardian 1, fire resistance 1
a: Evoke Berserk Rage


You were on level 3 of the Dungeon.
You were very hungry.

You visited 1 branch of the dungeon, and saw 3 of its levels.

You collected 154 gold pieces.

Inventory:

Hand weapons
 a - a +2 spear (weapon)
 e - a +0 club
Armour
 b - a +0 ring mail (worn)
 h - a +0 buckler (worn)
Jewellery
 f - a ring of see invisible (left hand)
 g - an amulet of rage (around neck)
Magical devices
 p - a wand of magic darts (28)
Scrolls
 j - a scroll of enchant weapon {unknown}
 l - 2 scrolls of identify {unknown}
 m - a scroll of amnesia {unknown}
 n - 3 scrolls of remove curse {unknown}
 o - a scroll of recharging {unknown}
 r - a scroll of immolation {unknown}
Books
 c - Dadohuc's Collected Works on the Voyage

   Spells                             Type                      Level
   a - Apportation                    Translocation                1
   b - Shroud of Golubria             Charms/Translocation         2
Comestibles
 d - 2 bread rations
 i - a slice of pizza


   Skills:
 * Level 5.1 Fighting
 - Level 1.0 Throwing
 - Level 1.0 Armour
 - Level 1.0 Stealth
 * Level 0.5 Shields
 - Level 2.0 Spellcasting
   Level 1.1 Necromancy


You had 6 spell levels left.
You didn't know any spells.

Dungeon Overview and Level Annotations

Branches:
Dungeon (3/15)

Altars:
Makhleb
Yredelemnul
Zin


Innate Abilities, Weirdness & Mutations

You have hoof-like feet.
A weak demonic guardian rushes to your aid.
Your mind is acute. (Int +2)
Your flesh is heat resistant.


Message History

You are exhausted.
You feel yourself slow down.
You are feeling very hungry.
The rat bites you but does no damage.
You hit the rat but do no damage. Your kick misses the rat.
The rat bites you but does no damage. The orc hits you but does no damage.
The rat bites you but does no damage. The orc closely misses you.
The adder bites you.
* * * LOW HITPOINT WARNING * * *
You are lethally poisoned!
The adder poisons you!
You aren't carrying any potions.
Unknown command.
* * * LOW HITPOINT WARNING * * *
You feel sick.
Your quasit misses the adder.
Your quasit completely misses the adder.
Your quasit claws the adder but does no damage.
The orc hits you.
You die...

..#.......[.....
####......##..
###.......# . #
##...w.w######.. #.
#......)5..ooSo.
#..######)#.###########
.......5..#l######
.......S...r.....#
.####.@oo######...
#.#....... #...######
#####


You could see an adder, 2 orcs, a giant gecko, a rat and a friendly quasit.

Vanquished Creatures
  An adder (D:2)
  A giant gecko (D:1)
  An orc (D:3)
  7 bats
  3 goblins
  4 hobgoblins
  A quokka (D:2)
  A ball python (D:2)
  2 giant cockroaches
  2 giant newts (D:2)
  4 kobolds
  A rat (D:1)
  A spectral orc (D:2)
29 creatures vanquished.

Vanquished Creatures (collateral kills)
  A rat (D:3)
1 creature vanquished.

Grand Total: 30 creatures vanquished

Notes
Turn   | Place    | Note
--------------------------------------------------------------
     0 | D:1      | Kuldar the Demonspawn Wanderer began the quest for the Orb.
     0 | D:1      | Kuldar set off with: a +2 spear, a +0 ring mail, Dadohuc's Collected Works on the Voyage, a bread ration, a !bad item (cl:100,ty:0,pl:0,pl2:0,sp:0,qu:0), a !bad item (cl:100,ty:0,pl:0,pl2:0,sp:0,qu:0), a !bad item (cl:100,ty:0,pl:0,pl2:0,sp:0,qu:0), a !bad item (cl:100,ty:0,pl:0,pl2:0,sp:0,qu:0), a !bad item (cl:100,ty:0,pl:0,pl2:0,sp:0,qu:0), a !bad item (cl:100,ty:0,pl:0,pl2:0,sp:0,qu:0), a !bad item (cl:100,ty:0,pl:0,pl2:0,sp:0,qu:0), a !bad item (cl:100,ty:0,pl:0,pl2:0,sp:0,qu:0), a !bad item (cl:100,ty:0,pl:0,pl2:0,sp:0,qu:0), a !bad item (cl:100,ty:0,pl:0,pl2:0,sp:0,qu:0), a !bad item (cl:100,ty:0,pl:0,pl2:0,sp:0,qu:0), a !bad item (cl:100,ty:0,pl:0,pl2:0,sp:0,qu:0), a !bad item (cl:100,ty:0,pl:0,pl2:0,sp:0,qu:0), a !bad item (cl:100,ty:0,pl:0,pl2:0,sp:0,qu:0), a !bad item (cl:100,ty:0,pl:0,pl2:0,sp:0,qu:0), a !bad item (cl:100,ty:0,pl:0,pl2:0,sp:0,qu:0), a !bad item (cl:100,ty:0,pl:0,pl2:0,sp:0,qu:0), a !bad item (cl:100,ty:0,pl:0,pl2:0,sp:0,qu:0), a !bad item (cl:100,ty:0,pl:0,pl2:0,sp:0,qu:0), a !bad item (cl:100,ty:0,pl:0,pl2:0,sp:0,qu:0), a !bad item (cl:100,ty:0,pl:0,pl2:0,sp:0,qu:0), a !bad item (cl:100,ty:0,pl:0,pl2:0,sp:0,qu:0), a !bad item (cl:100,ty:0,pl:0,pl2:0,sp:0,qu:0), a !bad item (cl:100,ty:0,pl:0,pl2:0,sp:0,qu:0), a !bad item (cl:100,ty:0,pl:0,pl2:0,sp:0,qu:0), a !bad item (cl:100,ty:0,pl:0,pl2:0,sp:0,qu:0), a !bad item (cl:100,ty:0,pl:0,pl2:0,sp:0,qu:0), a !bad item (cl:100,ty:0,pl:0,pl2:0,sp:0,qu:0), a !bad item (cl:100,ty:0,pl:0,pl2:0,sp:0,qu:0), a !bad item (cl:100,ty:0,pl:0,pl2:0,sp:0,qu:0), a !bad item (cl:100,ty:0,pl:0,pl2:0,sp:0,qu:0), a !bad item (cl:100,ty:0,pl:0,pl2:0,sp:0,qu:0), a !bad item (cl:100,ty:0,pl:0,pl2:0,sp:0,qu:0), a !bad item (cl:100,ty:0,pl:0,pl2:0,sp:0,qu:0), a !bad item (cl:100,ty:0,pl:0,pl2:0,sp:0,qu:0), a !bad item (cl:100,ty:0,pl:0,pl2:0,sp:0,qu:0), a !bad item (cl:100,ty:0,pl:0,pl2:0,sp:0,qu:0), a !bad item (cl:100,ty:0,pl:0,pl2:0,sp:0,qu:0), a !bad item (cl:100,ty:0,pl:0,pl2:0,sp:0,qu:0), a !bad item (cl:100,ty:0,pl:0,pl2:0,sp:0,qu:0), a !bad item (cl:100,ty:0,pl:0,pl2:0,sp:0,qu:0), a !bad item (cl:100,ty:0,pl:0,pl2:0,sp:0,qu:0), a !bad item (cl:100,ty:0,pl:0,pl2:0,sp:0,qu:0), a !bad item (cl:100,ty:0,pl:0,pl2:0,sp:0,qu:0), a !bad item (cl:100,ty:0,pl:0,pl2:0,sp:0,qu:0), a !bad item (cl:100,ty:0,pl:0,pl2:0,sp:0,qu:0), a !bad item (cl:100,ty:0,pl:0,pl2:0,sp:0,qu:0), a !bad item (cl:100,ty:0,pl:0,pl2:0,sp:0,qu:0)
     0 | D:1      | Reached XP level 1. HP: 19/19 MP: 3/3
   195 | D:1      | Gained mutation: A weak demonic guardian rushes to your aid. [demonic ancestry]
   195 | D:1      | Reached XP level 2. HP: 23/26 MP: 5/5
   521 | D:2      | Found a basalt altar of Yredelemnul.
   564 | D:2      | Found a glowing silver altar of Zin.
   564 | D:2      | Found a burning altar of Makhleb.
   565 | D:2      | Noticed an Executioner
   565 | D:2      | Noticed an angel
   824 | D:2      | Gained mutation: You have large cloven feet. [demonic ancestry]
   824 | D:2      | Reached XP level 3. HP: 28/32 MP: 6/6
   934 | D:3      | Reached skill level 5 in Fighting
  1034 | D:3      | Gained mutation: Your mind is acute. (Int +2) [potion of mutation]
  1034 | D:3      | Gained mutation: Your flesh is heat resistant. [potion of mutation]
  1034 | D:3      | Gained mutation: You have hoof-like feet. [potion of mutation]
  1048 | D:3      | HP: 1/33 [poisoned by an adder]
  1048 | D:3      | Slain by an orc

Vault maps used:
D:1:      dpeg_arrival_tiny_h
D:2:      grunt_temple_overflow_order_and_chaos_2,
          yredelemnul_forgotten_temple_becter, first_bread
D:3:      uniq_iyjb

Action                   || total
-------------------------++-------
Melee: Spear             ||    99
 Abil: Evoke Berserk Rag ||     1
  Use: Potion            ||     2
